 Dungeon Crawl Stone Soup version 0.16.2-3-ga078185 (webtiles) character file.

202 dvd the Grave Robber (level 5, -3/36 HPs)
             Began as a Demonspawn Necromancer on Sept 6, 2015.
             Killed by nerve-wracking pain
             ... invoked by an orc priest
              (8 damage)
             ... on level 3 of the Dungeon.
             The game lasted 00:26:38 (4513 turns).

dvd the Grave Robber (Demonspawn Necromancer)       Turns: 4513, Time: 00:26:38

Health: -3/36      AC: 10    Str:  9    XL:     5   Next: 50%
Magic:  3/11       EV: 12    Int: 17    God:
Gold:   59         SH:  0    Dex: 11    Spells: 4 memorised, 2 levels left

rFire  + . .     SeeInvis .     u - +2 falchion (freeze)
rCold  . . .     Clarity  .     a - +1 robe
rNeg   . . .     SustAb   .     (no shield)
rPois  .         Gourm    .     (helmet restricted)
rElec  .         Spirit   .     (no cloak)
rCorr  .         Warding  .     (no gloves)
rMut   .         Stasis   .     (no boots)
MR     .....                    (no amulet)
Stlth  +.........               m - ring of protection from fire
                                f - ring of loudness (curse)

@: not resistant to hostile enchantments, very unstealthy
A: horns 1, rough black scales 2
a: no special abilities


You were on level 3 of the Dungeon.
You were not hungry.

You visited 1 branch of the dungeon, and saw 3 of its levels.

You collected 59 gold pieces.

Inventory:

Hand weapons
 i - a +1 spear
 u - a +2 falchion of freezing (weapon)
Armour
 a - a +1 robe (worn)
 l - a +2 chain mail of poison resistance
Jewellery
 f - a cursed ring of loudness (left hand)
 m - a ring of protection from fire (right hand)
 o - an uncursed ring of fire
 s - an uncursed ring of sustain abilities {unknown}
Scrolls
 h - 3 scrolls of identify
 k - a scroll of blinking
 w - a scroll of fear {unknown}
Potions
 d - 4 potions of heal wounds {unknown}
 e - a potion of might {unknown}
 g - a potion of mutation {unknown}
 j - a potion of resistance {unknown}
 n - a potion of agility {unknown}
 p - a potion of curing
 r - a potion of cancellation {unknown}
 t - 2 potions of degeneration {unknown}
 v - a potion of berserk rage {unknown}
Books
 b - a book of Necromancy

   Spells                             Type                      Level
   a - Pain                           Necromancy                   1
   b - Animate Skeleton               Necromancy                   1
   c - Vampiric Draining              Necromancy                   3
   d - Regeneration                   Charms/Necromancy            3
   e - Animate Dead                   Necromancy                   4
   f - Control Undead                 Necromancy                   4
Comestibles
 c - 5 bread rations
 q - a slice of pizza


   Skills:
 + Level 0.4 Fighting
 + Level 2.4 Dodging
 + Level 2.2 Stealth
 + Level 0.8 Unarmed Combat
 + Level 3.5 Spellcasting
 + Level 5.7 Necromancy


You had 2 spell levels left.
You knew the following spells:

 Your Spells              Type           Power        Failure   Level  Hunger
a - Pain                  Necr           ###.         1%          1    None
b - Animate Skeleton      Necr           N/A          1%          1    None
c - Vampiric Draining     Necr           ###.......   6%          3    ###....
d - Animate Dead          Necr           N/A          17%         4    ####...


Dungeon Overview and Level Annotations

Branches:
Dungeon (3/15)

Altars:
Elyvilon
Trog

Annotations:
D:2 1 exclusion


Innate Abilities, Weirdness & Mutations

You have a pair of small horns on your head.
You are mostly covered in rough black scales (AC +7, Dex -2).


Message History

You completely miss the orc priest. Your headbutt misses the orc priest.
The orc priest is lightly wounded.
The orc priest hits you but does no damage.
You closely miss the orc priest. Your headbutt misses the orc priest.
The orc priest is lightly wounded.
The orc priest barely misses you.
The orc priest hits you but does no damage.
Casting: Vampiric Draining
Confirm with . or Enter, or press ? or * to list all spells.
Okay, then.
You hit the orc priest but do no damage.
The orc priest is lightly wounded.
The orc priest calls down the wrath of Beogh upon you.
Something smites you!
* * * LOW HITPOINT WARNING * * *
You hit the orc priest. You freeze the orc priest.
The orc priest is lightly wounded.
The orc priest invokes the aid of Beogh against you.
Pain shoots through your body!
You die...

##.## #...... ######..#
#.####. .......#.##
#.##... .......#..#
########.#....
......##.##.........#....
.......##....## #......_
####.(......### #..#....
# #.)o............#....
... ###[##@######## ##...
......##.(.##.### ###.
...)...).......... ..
.......)########. ##.
...>.## #. #.... #. #...
. ..


You could see an orc priest.

Vanquished Creatures
  An orc priest (D:3)
  Terence (D:2)
  6 adders
  5 worms
  2 giant geckos
  3 oozes
  2 orcs (D:3)
  4 giant cockroaches
  11 goblins
  11 hobgoblins
  3 jackals (D:1)
  10 kobolds
  7 bats
  5 giant newts
  9 rats
80 creatures vanquished.

Vanquished Creatures (collateral kills)
  A worm (D:2)
  An orc (D:3)
  A ball python (D:1)
  A goblin (D:1)
  A rat (D:1)
5 creatures vanquished.

Vanquished Creatures (others)
  A worm zombie (D:3)
  A bat skeleton (D:2)
  A giant gecko skeleton (D:2)
  A giant newt skeleton (D:2)
  A giant newt zombie (D:3)
  A goblin skeleton (D:1)
  A kobold zombie (D:3)
  A rat skeleton (D:1)
8 creatures vanquished.

Grand Total: 93 creatures vanquished

Notes
Turn   | Place    | Note
--------------------------------------------------------------
     0 | D:1      | dvd, the Demonspawn Necromancer, began the quest for the Orb.
     0 | D:1      | Reached XP level 1. HP: 13/13 MP: 3/3
   291 | D:1      | Learned a level 1 spell: Animate Skeleton
   414 | D:1      | Gained mutation: You are partially covered in rough black scales (AC +4, Dex -1). [demonic ancestry]
   414 | D:1      | Reached XP level 2. HP: 7/19 MP: 0/4
  1249 | D:1      | Gained mutation: You have a pair of small horns on your head. [demonic ancestry]
  1249 | D:1      | Reached XP level 3. HP: 22/24 MP: 3/6
  1680 | D:1      | Learned a level 3 spell: Vampiric Draining
  1956 | D:2      | Reached skill level 5 in Necromancy
  2494 | D:2      | Reached XP level 4. HP: 26/30 MP: 4/8
  2733 | D:2      | Noticed a moth of wrath
  2736 | D:2      | Found a bloodstained altar of Trog.
  2795 | D:2      | HP: 1/30 [worm (8)]
  3474 | D:2      | Noticed Terence
  3487 | D:2      | Killed Terence
  3627 | D:2      | Learned a level 4 spell: Animate Dead
  3748 | D:2      | Gained mutation: You are mostly covered in rough black scales (AC +7, Dex -2). [demonic ancestry]
  3748 | D:2      | Reached XP level 5. HP: 15/35 MP: 0/11
  4150 | D:3      | Found a white marble altar of Elyvilon.
  4513 | D:3      | Killed from afar by an orc priest

Action                   |  1- 3 |  4- 6 || total
-------------------------+-------+-------++-------
Melee: Unarmed           |    47 |    57 ||   104
       Falchion          |       |    10 ||    10
 Cast: Pain              |    66 |    72 ||   138
       Animate Skeleton  |     8 |     4 ||    12
       Vampiric Draining |     1 |     8 ||     9
       Animate Dead      |       |     3 ||     3
  Use: Scroll            |     4 |     3 ||     7
       Potion            |       |     1 ||     1
  Eat: Chunk             |     6 |     7 ||    13
